 Dungeon Crawl Stone Soup version 0.20-a0-556-g892c87b (webtiles) character file.

221 drasked the Firebug (level 5, -1/28 HPs)
             Began as a Deep Elf Fire Elementalist on Feb 4, 2017.
             Slain by an orc wizard
             ... wielding a +0 dagger
              (2 damage)
             ... on level 4 of the Dungeon.
             The game lasted 00:07:17 (2929 turns).

drasked the Firebug (Deep Elf Fire Elementalist)    Turns: 2929, Time: 00:07:18

Health: -1/28      AC:  2    Str:  5    XL:     5   Next: 65%
Magic:  5/14       EV: 13    Int: 21    God:
Gold:   209        SH:  0    Dex: 15    Spells: 7/13 levels left

rFire    . . .     SeeInvis .   e - +0 club
rCold    . . .     Gourm    .   a - +0 robe
rNeg     . . .     Faith    .   (no shield)
rPois    .         Spirit   .   (no helmet)
rElec    .         Reflect  .   (no cloak)
rCorr    .         Harm     .   (no gloves)
MR       .....                  (no boots)
Stlth    +.........             (no amulet)
Regen    0.1/turn               (no ring)
                                (no ring)

@: confused, very slightly contaminated
A: no striking features
a: no special abilities


You were on level 4 of the Dungeon.
You were not hungry.

You visited 1 branch of the dungeon, and saw 4 of its levels.

You collected 209 gold pieces.

Inventory:

Hand Weapons
 e - a +0 club (weapon)
   (You took it off a hobgoblin on level 1 of the Dungeon)
 i - a cursed -3 dagger
   (You found it on level 1 of the Dungeon)
 s - a +2 halberd of flaming
   (You took it off a gnoll on level 2 of the Dungeon)
Armour
 a - a +0 robe (worn)
 h - a +0 pair of boots
   (You found it on level 1 of the Dungeon)
 k - a cursed +0 helmet
   (You found it on level 1 of the Dungeon)
 p - a +1 pair of boots
   (You found it on level 1 of the Dungeon)
Jewellery
 n - an uncursed ring of positive energy {unknown}
   (You found it on level 1 of the Dungeon)
 t - a +5 ring of intelligence {unknown}
   (You found it on level 2 of the Dungeon)
Wands
 D - a wand of polymorph (13/24)
   (You found it on level 4 of the Dungeon)
Scrolls
 d - 2 scrolls of remove curse {unknown}
 f - 2 scrolls of immolation {unknown}
 j - 2 scrolls of enchant armour {unknown}
 l - 3 scrolls of fear {unknown}
 o - 5 scrolls of teleportation {unknown}
 v - 4 scrolls of identify {unknown}
 y - a scroll of magic mapping {unknown}
Potions
 g - 2 potions of haste {unknown}
 m - 2 potions of agility {unknown}
 q - 2 potions of heal wounds {unknown}
 r - 2 potions of flight {unknown}
 u - 2 potions of magic {unknown}
 w - 2 potions of cancellation {unknown}
 x - a potion of curing {unknown}
 z - a potion of lignification {unknown}
 A - a potion of degeneration {unknown}
Books
 b - a book of Flames
Comestibles
 c - 4 bread rations {@e1}
 B - a royal jelly


   Skills:
 - Level 2.8 Dodging
 - Level 2.6 Stealth
 + Level 4.8 Spellcasting
 * Level 3.6 Conjurations
 + Level 4.8 Fire Magic


You had 7 spell levels left.
You knew the following spells:

 Your Spells              Type           Power        Failure   Level  Hunger
a - Flame Tongue          Conj/Fire      ###..        1%          1    None
c - Conjure Flame         Conj/Fire      ###.....     10%         3    ##.....
x - Throw Flame           Conj/Fire      ###...       3%          2    None


Dungeon Overview and Level Annotations

Branches:
Dungeon (4/15)
 Temple: D:4-7

Altars:
Ashenzari
Dithmenos
Fedhas
Gozag
Hepliaklqana


Message History

Aim: a worker ant The flame tongue hits the worker ant.
You now have 12/13 mp.
Aim: a worker ant (severely wounded)
The flame tongue hits the worker ant.
You kill the worker ant!
You now have 11/14 mp.
You may need something to eat soon, looking for food.
Can't find anything matching that.
Sorry, you're not good enough to have a special ability.
C - a meat ration {@e2}
v - 4 scrolls labeled SAWKEU TUPN (gained 1)
D - a wand of polymorph (?/24) MP restored: 14
Found a shadowy altar of Dithmenos.
o - 5 scrolls labeled QUOMMA QAVIA (gained 1)
You now have 209 gold pieces (gained 14).
An orc and an orc priest come into view.
An orc wizard comes into view. It is wielding a dagger.
You are feeling very hungry.
You eat the meat ration {@e2}.
That meat ration really hit the spot!
The orc priest shouts!
A hound and a worker ant come into view.
Aim: an orc priest, wielding a hand axe and wearing a ring mail You miscast Flame Tongue.
You are very lightly contaminated with residual magic.
Your hair stands on end.
An orc wizard comes into view. It is wielding a dagger.
You now have 13/14 mp.
Aim: an orc priest, wielding a hand axe and wearing a ring mail The flame tongue hits the orc priest.
The orc wizard shouts!
The orc priest calls down the wrath of Beogh upon you.
Pain shoots through your body!
You take 3 damage, and have 25/28 hp.
You now have 12/14 mp.
Aim: an orc priest, wielding a hand axe and wearing a ring mail (lightly wounded)
The flame tongue hits the orc priest.
The orc priest mumbles some strange prayers to Beogh against you.
Beogh smites you!
An orc priest comes into view. It is wielding a hand axe.
The orc priest shouts!
An orc wizard comes into view. It is wielding a dagger.
The orc wizard shouts!
You hear a bark!
You take 10 damage, and have 15/28 hp.
MASSIVE DAMAGE!!
You now have 11/14 mp.
Aim: an orc priest, wielding a hand axe and wearing a ring mail (moderately wounded)
The flame tongue hits the orc priest.
The orc priest appears unharmed.
The orc priest hits you with a hand axe.
The orc priest moves out of view.
The orc wizard gestures wildly while chanting.
The orc wizard blinks!
A jackal comes into view.
You take 4 damage, and have 11/28 hp.
You now have 10/14 mp.
Aim: an orc priest, wielding a hand axe and wearing a ring mail (moderately wounded)
The flame tongue misses the orc priest.
The orc priest misses you.
You now have 9/14 mp.
Aim: an orc priest, wielding a hand axe and wearing a ring mail (moderately wounded)
The flame tongue hits the orc priest.
The worker ant twitches its antennae in your direction.
The orc priest hits you with a hand axe!
* * * LOW HITPOINT WARNING * * *
You take 9 damage, and have 2/28 hp.
MASSIVE DAMAGE!!
You now have 8/14 mp.
Aim: an orc priest, wielding a hand axe and wearing a ring mail (severely wounded)
The flame tongue misses the orc priest.
The orc wizard mumbles some strange words.
The orc wizard flickers and vanishes!
Deactivating autopickup; reactivate with Ctrl-A.
The orc wizard miscasts a cantrip.
The orc priest hits you with a hand axe.
* * * LOW HITPOINT WARNING * * *
You take 1 damage, and have 1/28 hp.
Aim: an orc priest, wielding a hand axe and wearing a ring mail (severely wounded)
The flame tongue misses the orc priest.
A jackal comes into view.
You now have 7/14 mp.
Aim: an orc priest, wielding a hand axe and wearing a ring mail (severely wounded)
The flame tongue hits the orc priest.
You kill the orc priest!
The jackal barks!
You hear some strange, mumbled words.
Something tries to affect you, but you resist.
You now have 6/14 mp.
Aim: a jackal The flame tongue hits the jackal.
You kill the jackal!
You hear some strange, mumbled words.
You are confused.
The orc wizard mumbles some strange words.
The orc wizard seems to speed up.
A jackal comes into view.
You now have 5/14 mp.
You bump into the rock wall.
The jackal barks!
A jackal comes into view.
You're too confused to move!
The jackal barks!
Something hits you.
You die...

#########.#
o..........#
....#...#.#
.........#
###.......#
......h##...
....(.....#
##.#oh......
###.......# #...h#
....#...#.# #.o.##
...###.##.# #.o##
...###.##.########.a#
....##..........@)o.#
...#.#.#............#
....##.....###......#
....####...# #####..#
....#####.## #..#
.###......# #..#
##.....#..... ...#
#..##.....### #..
....##....#


You could see a hound (wandering), a worker ant, an orc priest, an orc wizard
and 2 jackals.

Vanquished Creatures
  An orc priest (D:4)
  Terence (D:2)
  2 worker ants
  4 gnolls (D:2)
  2 adders (D:2)
  A worm (D:3)
  3 dart slugs
  2 orcs (D:3)
  2 ball pythons
  4 bats
  3 giant cockroaches
  5 goblins
  10 hobgoblins
  A jackal (D:4)
  8 kobolds
  4 rats
53 creatures vanquished.

Notes
Turn   | Place    | Note
-------+----------+-------------------------------------------
     0 | D:1      | drasked the Deep Elf Fire Elementalist began the quest for the Orb.
     0 | D:1      | Reached XP level 1. HP: 10/10 MP: 6/6
   259 | D:1      | Reached XP level 2. HP: 11/15 MP: 1/8
   882 | D:1      | Learned a level 2 spell: Throw Flame
  1001 | D:2      | Noticed Terence
  1032 | D:2      | Found a hazy altar of Hepliaklqana.
  1033 | D:2      | Reached XP level 3. HP: 18/19 MP: 7/10
  1038 | D:2      | Learned a level 3 spell: Conjure Flame
  1238 | D:2      | Reached skill level 2 in Conjurations
  1254 | D:2      | Reached skill level 4 in Spellcasting
  1254 | D:2      | Reached skill level 4 in Fire Magic
  1258 | D:2      | Reached XP level 4. HP: 15/24 MP: 2/12
  1413 | D:2      | Killed Terence
  1414 | D:2      | HP: 4/24 [adder (3)]
  2068 | D:3      | Found a blossoming altar of Fedhas.
  2121 | D:3      | Found a shattered altar of Ashenzari.
  2176 | D:3      | Found an opulent altar of Gozag.
  2269 | D:3      | Reached skill level 3 in Conjurations
  2269 | D:3      | Reached XP level 5. HP: 25/28 MP: 9/13
  2859 | D:4      | Found a shadowy altar of Dithmenos.
  2922 | D:4      | HP: 2/28 [orc priest/hand axe (9)]
  2929 | D:4      | Slain by an orc wizard

Vault maps used:
D:1:      nagdon_arrival_zigzag_paths
D:2:      lemuel_doored_altar, uniq_terence
D:3:      nicolae_gozag_cash_rules_everything_around_me, fedhas_altar_4,
          nicolae_ashenzari_panopticon, minmay_misc_feat_roman
D:4:      nicolae_dithmenos_through_a_glass_darkly, marbit_many_paths,
          nicolae_overflow_hidden_temple, minmay_misc_feat_doors,
          minmay_stone_trees_medium, due_unseen_surprise

Skill      XL: |  1  2  3  4 |
---------------+-------------+-----
Conjurations   | 2 3 |  3.6
Spellcasting   | 4 |  4.8
Fire Magic     | 4 |  4.8
Dodging        | |  2.8
Stealth        | |  2.6

Action                   |  1- 3 |  4- 6 || total
-------------------------+-------+-------++-------
Melee: Club              |     1 |       ||     1
 Cast: Flame Tongue      |    55 |    55 ||   110
       Throw Flame       |     1 |     3 ||     4
       Conjure Flame     |       |     2 ||     2
  Eat: Chunk             |     1 |     4 ||     5
       Meat ration       |       |     1 ||     1
Armor: Robe              |     4 |     4 ||     8
Dodge: Dodged            |    15 |    12 ||    27

Vault maps used:
D:1:      nagdon_arrival_zigzag_paths
D:2:      lemuel_doored_altar, uniq_terence
D:3:      nicolae_gozag_cash_rules_everything_around_me, fedhas_altar_4,
          nicolae_ashenzari_panopticon, minmay_misc_feat_roman
D:4:      nicolae_dithmenos_through_a_glass_darkly, marbit_many_paths,
          nicolae_overflow_hidden_temple, minmay_misc_feat_doors,
          minmay_stone_trees_medium, due_unseen_surprise

Table legend:
 A = Turns spent in this place as a percentage of turns spent in the entire game.
 B = Non-inter-level travel turns spent in this place as a percentage of non-inter-level travel turns spent in the entire game.
 C = Inter-level travel turns spent in this place as a percentage of turns spent in this place.
 D = Turns resting spent in this place as a percentage of non-inter-level travel turns spent in this place.
 E = Turns spent auto-exploring this place as a percentage of non-inter-level travel turns spent in this place.
 F = Non-inter-level travel turns spent in this place divided by the number of levels of this place that you've seen.
                   A       B       C       D       E      F
               +-------+-------+-------+-------+-------+----------------------
         Total | 100.0 | 100.0 |   0.7 |   3.5 |  14.2 | 169.2
       Dungeon | 100.0 | 100.0 |   0.7 |   3.5 |  14.2 | 169.2
               +-------+-------+-------+-------+-------+----------------------

Table legend:
 A = Kills in this place as a percentage of kills in entire the game.
 B = Kills by you in this place as a percentage of kills by you in the entire game.
 C = Kills by friends in this place as a percentage of kills by friends in the entire game.
 D = Other kills in this place as a percentage of other kills in the entire game.
 E = Experience gained in this place as a percentage of experience gained in the entire game.
 F = Experience gained in this place divided by the number of levels of this place that you have seen.
                   A       B       C       D       E      F
               +-------+-------+-------+-------+-------+----------------------
         Total | 100.0 | 100.0 |  -nan |  -nan | 100.0 |  79.0
       Dungeon | 100.0 | 100.0 |  -nan |  -nan | 100.0 |  79.0
               +-------+-------+-------+-------+-------+----------------------
